 Dungeon Crawl Stone Soup version 0.25-a0-670-g50981ef59b (webtiles) character file.

Game seed: 4371300194574456645, levelgen mode: deterministic

213283 Perturabo the Hoplite (level 18, -1/125 HPs)
             Began as a Gargoyle Fighter on Mar 28, 2020.
             Was a Believer of the Shining One.
             Splashed by Dissolution's acid (6 damage)
             ... on level 1 of the Pits of Slime on Mar 29, 2020.
             The game lasted 02:30:17 (39636 turns).

Perturabo the Hoplite (Gargoyle Fighter)           Turns: 39636, Time: 02:30:18

Health: -1/125     AC: 24    Str: 37    XL:     18   Next: 95%
Magic:  18/18      EV: 10    Int: 16    God:    the Shining One [**....]
Gold:   792        SH:  0    Dex: 12    Spells: 17/17 levels left

rFire    . . .     SeeInvis .   W - +7 morningstar "Uliebesh" {freeze, Str+5 Int+3 Dex-3}
rCold    + . .     Gourm    .   I - +0 tower shield
rNeg     + + +     Faith    .   r - +1 plate armour
rPois    ∞         Spirit   .   M - +1 hat "Ynacom" {Str+5}
rElec    +         Reflect  +   b - +0 cloak
rCorr    .         Harm     .   g - +2 pair of gloves {Str+3}
MR       ++...                  A - +0 pair of boots
Stlth    ..........             a - brooch of Shielding {Reflect SH+8}
HPRegen  0.30/turn              i - +2 ring of protection
MPRegen  0.16/turn              P - ring of Okawaru's Hope {*Drain rN+ MR+ Dex+4}

@: confused, corroded, glowing, studying 2 skills
A: big wings, agile 1, cold resistance 1, negative energy resistance 1,
electricity resistance, unbreathing, petrification resistance, rot immunity, AC
+13
}: 1/15 runes: serpentine
a: Fly, Divine Shield, Renounce Religion


You were on level 1 of the Pits of Slime.
You worshipped the Shining One.
The Shining One was pleased with you.
You were not hungry.

You visited 6 branches of the dungeon, and saw 30 of its levels.
You also visited: Trove, Sewer, Ossuary and Bailey.

You collected 2941 gold pieces.
You spent 2149 gold pieces at shops.

Inventory:

Hand Weapons
 O - a +0 eveningstar of venom
 W - the +7 morningstar "Uliebesh" (weapon) {freeze, Str+5 Int+3 Dex-3}
   (You bought it in a shop on level 1 of the Snake Pit)

   It has been specially enchanted to freeze those struck by it, causing extra
   injury to most foes and up to half again as much damage against particularly
   susceptible opponents.
   It can also slow down cold-blooded creatures.
   It affects your strength (+5).
   It affects your intelligence (+3).
   It affects your dexterity (-3).
Missiles
 n - 14 javelins (quivered)
 s - 4 silver javelins
Armour
 b - a +0 cloak (worn)
 g - a +2 pair of gloves of strength (worn)
 r - a +1 plate armour (worn)
 A - a +0 pair of boots (worn)
 I - a +0 tower shield (worn)
 M - the +1 hat "Ynacom" (worn) {Str+5}
   (Okawaru gifted it to you on level 13 of the Dungeon)

   It affects your strength (+5).
Jewellery
 a - the brooch of Shielding (around neck) {Reflect SH+8}
   (You bought it in a shop on level 2 of the Orcish Mines)

   [amulet of reflection]

   It shields you and reflects attacks.
   It affects your SH (+8).
 c - an uncursed ring of positive energy
 d - the amulet of Celimarro {+Rage +Fly rF++ MR+ Int-5}
   (You found it on level 6 of the Lair of Beasts)

   [amulet of rage]

   It affects your intelligence (-5).
   It greatly protects you from fire.
   It affects your resistance to hostile enchantments.
   It lets you fly.
   It lets you go berserk.
 e - the amulet "Ented" {+Rage Slay+2}
   (You acquired it on level 13 of the Dungeon)

   [amulet of rage]

   It affects your accuracy and damage with ranged weapons and melee attacks
   (+2).
   It lets you go berserk.
 h - an uncursed amulet of guardian spirit
 i - a +2 ring of protection (left hand)
 H - an uncursed amulet of the gourmand
 N - an uncursed amulet of the acrobat
 P - the ring of Okawaru's Hope (right hand) {*Drain rN+ MR+ Dex+4}
   (You found it on level 14 of the Dungeon)

   [ring of dexterity]

   It affects your dexterity (+4).
   It protects you from negative energy.
   It affects your resistance to hostile enchantments.
   It causes draining when unequipped.
 Y - a +2 amulet of reflection
Wands
 q - a wand of digging (13)
Scrolls
 j - a scroll of silence
 k - 7 scrolls of enchant armour
 m - a scroll of identify
 p - 6 scrolls of amnesia
 B - a scroll of teleportation
 E - 5 scrolls of enchant weapon
 K - 5 scrolls of remove curse
 Q - 3 scrolls of fog
 S - a scroll of magic mapping
Potions
 l - 15 potions of curing
 t - 7 potions of brilliance
 v - 2 potions of mutation
 w - 2 potions of resistance
 C - 2 potions of cancellation
 F - 5 potions of magic
 L - a potion of haste
Books
 D - a manual of Evocations
 J - a manual of Fighting
Miscellaneous
 o - a box of beasts
 u - 4 tins of tremorstones
 y - a lamp of fire
 G - a fan of gales
 R - a phantom mirror
 V - a lamp of fire
 X - a phial of floods
 Z - a fan of gales
Comestibles
 f - 32 rations


   Skills:
 + Level 18.0 Fighting
 + Level 17.2 Maces & Flails
 + Level 2.0 Throwing
 + Level 13.3 Armour
 + Level 3.7 Dodging
 + Level 21.5 Shields
 + Level 0.6 Unarmed Combat
 + Level 0.2 Evocations


You had 17 spell levels left.
You didn't know any spells.
Your spell library contained the following spells:

 Spells                   Type           Power        Failure   Level  Hunger
 Animate Skeleton         Necr           N/A          86%         1    ##.....
 Apportation              Tloc           #.....       86%         1    ##.....
 Corona                   Hex            #......      86%         1    ##.....
 Infusion                 Chrm           #...         86%         1    ##.....
 Magic Dart               Conj           #...         86%         1    ##.....
 Sandblast                Erth           #.....       86%         1    ##.....
 Shock                    Conj/Air       #...         86%         1    ##.....
 Sting                    Tmut/Pois      #...         86%         1    ##.....
 Summon Small Mammal      Summ           #...         86%         1    ##.....
 Blink                    Tloc           N/A          95%         2    ###....
 Corpse Rot               Necr/Air       N/A          95%         2    ###....
 Passwall                 Tmut/Erth      #.......     95%         2    ###....
 Poisonous Vapours        Pois/Air       #.....       95%         2    ###....
 Searing Ray              Conj           #.....       95%         2    ###....
 Shroud of Golubria       Chrm/Tloc      #.....       95%         2    ###....
 Song of Slaying          Chrm           #.......     95%         2    ###....
 Swiftness                Chrm/Air       #.......     95%         2    ###....
 Confusing Touch          Hex            #.......     99%         3    ####...
 Dazzling Flash           Conj/Hex       #.....       99%         3    ####...
 Gell's Gravitas          Tloc           #.........   99%         3    ####...
 Ignite Poison            Fire/Tmut/Pois #.......     99%         3    ####...
 Lesser Beckoning         Tloc           #.........   99%         3    ####...
 Mephitic Cloud           Conj/Pois/Air  #.......     99%         3    ####...
 Ozocubu's Armour         Chrm/Ice       #.......     99%         3    ####...
 Recall                   Summ/Tloc      N/A          99%         3    ####...
 Spectral Weapon          Hex/Chrm       #.......     99%         3    ####...
 Static Discharge         Conj/Air       #.......     99%         3    ####...
 Stone Arrow              Conj/Erth      #.....       99%         3    ####...
 Teleport Other           Tloc           #.......     99%         3    ####...
 Airstrike                Air            #.........   100%        4    #####..
 Animate Dead             Necr           N/A          100%        4    #####..
 Dispel Undead            Necr           #.......     100%        4    #####..
 Fulminant Prism          Conj/Hex       #.........   100%        4    #####..
 Iskenderun's Mystic Bla  Conj/Tloc      #.......     100%        4    #####..
 Olgreb's Toxic Radiance  Pois           #.......     100%        4    #####..
 Passage of Golubria      Tloc           N/A          100%        4    #####..
 Petrify                  Tmut/Erth      #.......     100%        4    #####..
 Agony                    Necr           #.......     100%        5    ######.
 Bolt of Magma            Conj/Fire/Erth #.........   100%        5    ######.
 Borgnjor's Vile Clutch   Necr/Erth      #.........   100%        5    ######.
 Excruciating Wounds      Chrm/Necr      #.........   100%        5    ######.
 Iskenderun's Battlesphe  Conj/Chrm      #.......     100%        5    ######.
 Lee's Rapid Deconstruct  Erth           #.........   100%        5    ######.
 Lightning Bolt           Conj/Air       #.........   100%        5    ######.
 Metabolic Englaciation   Hex/Ice        #.........   100%        5    ######.
 Yara's Violent Unravell  Hex/Tmut       #.........   100%        5    ######.
 Darkness                 Hex            #.........   100%        6    #######
 Death Channel            Necr           #.........   100%        6    #######
 Invisibility             Hex            #.......     100%        6    #######
 Iron Shot                Conj/Erth      #.........   100%        6    #######
 Simulacrum               Ice/Necr       #.........   100%        6    #######
 Orb of Destruction       Conj           #.........   100%        7    #######
 Spellforged Servitor     Conj/Summ      #.........   100%        7    #######
 Sublimation of Blood     Necr           Unusable     N/A         2    N/A

Dungeon Overview and Level Annotations

Branches:
Dungeon (15/15)            Temple (1/1) D:5            Lair (6/6) D:11
 Shoals (0/4) Lair:4        Snake (4/4) Lair:4        Slime (2/5) Lair:6
    Orc (2/2) D:10            Elf (0/3) Orc:2        Vaults (0/5) D:13
 Depths (0/5) D:15          Sewer (visited)         Ossuary (visited)
 Bailey (visited)

Altars:
Ashenzari
Cheibriados
Dithmenos
Elyvilon
Fedhas
Gozag
Hepliaklqana
Kikubaaqudgha
Makhleb
Nemelex Xobeh
Okawaru
Qazlal
Ru
Sif Muna
Trog
Uskayaw
Vehumet
Wu Jian
Xom
Yredelemnul
Zin
The Shining One
Beogh
Jiyva
Lugonu

Shops:
D:6 !   D:8 !   Orc:2 =[%*:   Snake:1 (*?(}=   Snake:4 ?

Portals:
Hell: Lair:6

Annotations:
Lair:4 exclusion: 3 oklob plants
Slime:1 Dissolution


Innate Abilities, Weirdness & Mutations

You are resistant to torment.
Your stone body is resilient. (AC +13)
You are immune to poison.
Your large and strong wings let you fly indefinitely.
You resist negative energy. (rN+)
You are resistant to electric shocks. (rElec)
You can survive without breathing.
You are immune to petrification.
You are immune to rotting.
You are agile. (Dex +2)
Your flesh is cold resistant. (rC+)


Message History

The very large slime creature barely misses you.
The slime creature hits you.
* * * LOW HITPOINT WARNING * * *
The golden eye blinks at you.
You easily resist.
A very large slime creature splits.
You puncture Dissolution! You freeze Dissolution.
Your hands burn!
* * * LOW HITPOINT WARNING * * *
Dissolution is severely wounded.
The golden eye blinks at you. You resist with almost no effort.
A large slime creature splits.
You completely miss Dissolution.
Dissolution is severely wounded.
Dissolution hits you.
* * * LOW HITPOINT WARNING * * *
You are splashed with acid!
* * * LOW HITPOINT WARNING * * *
Dissolution hits you! The Shining One protects you from harm!
The acid corrodes you!
You are splashed with acid.
You die...

######.....#.## ##.#...#
##.#.##......## #...#...
#...........## #####......
##..#.........####......#...
#..............##...........
#.............#.##..........
#........J.G.....#..........
##.....>.JGG..#.###.###.....
##.#......JJ@.######.##......
#...#.....GJ..### #..........
#...............###..........
##.................#.........
#............................
##....#....#.#...............
#...........#####.........#..
#....#.......###.....#......
##..............##.#...#..#..


You could see Dissolution, 4 slime creatures, an eye of devastation, 2 floating
eyes and a golden eye.

Vanquished Creatures
  Jorgrun (D:15)
  2 titans (Lair:6)
  A deep elf master archer (Orc:2)
  4 acid blobs
  7 nagarajas
  6 fire giants
  An orc warlord (Slime:1)
  3 frost giants
  An ironheart preserver (D:13)
  A very ugly thing (D:14)
  A black draconian (Orc:2)
  Nessos (Lair:4)
  2 minotaurs
  Snorg (D:13)
  A fire dragon (D:15)
  Josephine (Lair:6)
  2 ettins (Orc:2)
  The ghost of Anaz the Fighter, a journeyman DgAE (Lair:3)
  2 merfolk impalers (Lair:6)
  A merfolk javelineer (Lair:5)
  A great orb of eyes (Slime:1)
  17 naga warriors
  11 hydras
  2 ice dragons
  2 catoblepae (Lair:6)
  20 two-headed ogres
  2 centaur warriors
  4 ogre magi (Orc:2)
  Erica (Lair:1)
  18 anacondas
  9 death yaks
  4 tengu warriors
  4 thrashing horrors (D:14)
  12 naga sharpshooters
  5 shock serpents
  A fire crab (shapeshifter) (D:14)
  5 deep elf knights (Lair:6)
  Nergalle (D:11)
  A sixfirhy (Lair:6)
  5 salamander mystics
  2 large abominations (D:14)
  An unseen horror (D:13)
  7 naga ritualists
  2 wizards
  An orc knight (Bailey)
  8 mana vipers
  A wolf spider zombie (D:14)
  3 deep elf archers
  Pikel (D:6)
  An oklob plant (Lair:4)
  4 cyclopes
  10 ugly things
  18 salamanders
  4 manticores
  10 deep elf magi
  A worldbinder (D:14)
  An orc sorcerer (Slime:1)
  A merfolk siren (Lair:4)
  2 elephants
  26 naga magi
  5 centaur zombies
  The ghost of UrsusMedved the Slasher, a novice VSFi (D:6)
  A smoke demon (Lair:6)
  12 guardian serpents
  A torpor snail (shapeshifter) (D:14)
  An ice statue (Lair:6)
  27 black mambas
  3 orange demons (Lair:6)
  8 spiny frogs
  4 centaur skeletons
  3 kobold demonologists (D:10)
  9 komodo dragons
  3 rime drakes (Lair:6)
  2 ice devils (Lair:6)
  5 yaktaurs (D:14)
  A red devil (Lair:6)
  13 merfolk
  2 tengu conjurers (D:14)
  A jumping spider (shapeshifter) (D:14)
  6 trolls
  A wolf spider simulacrum (D:14)
  2 hornets
  7 polar bears (Lair:6)
  19 blink frogs
  39 slime creatures
  14 dream sheep
  17 hippogriffs
  A centaur simulacrum (D:15)
  4 shadows
  5 wyverns
  A meliai zombie (D:12)
  3 spriggans (Lair:1)
  5 water elementals (D:13)
  6 wraiths
  26 yaks
  Eustachio (D:4)
  4 basilisks
  A vampire (D:15)
  2 hungry ghosts
  11 vampire mosquitoes
  Grum (D:11)
  62 nagas
  A warg (Lair:6)
  A soldier ant (D:14)
  2 acid dragons
  20 water moccasins
  3 hell hounds (Lair:6)
  7 porcupines
  18 orc warriors
  7 ice beasts
  A black bear (D:10)
  A necrophage (D:12)
  A slave (D:6)
  20 wolves
  3 boggarts (D:15)
  4 sky beasts
  2 phantoms
  2 eyes of draining
  13 centaurs
  33 ogres
  A centaur (shapeshifter) (D:14)
  10 crocodiles
  2 big kobolds
  26 bullfrogs
  A gnoll sergeant (D:11)
  A wyvern zombie (D:11)
  16 killer bees
  2 scorpions
  22 wights
  4 howler monkeys
  3 electric eels (D:13)
  15 crimson imps
  2 bullfrog zombies
  2 quasits
  6 jellies
  15 orc priests
  5 hounds
  24 orc wizards
  Crazy Yiuf (D:4)
  2 bullfrog skeletons
  A gnoll shaman (D:8)
  3 iguanas
  Natasha (thrice) (D:4)
  3 hell rats
  12 worker ants
  A killer bee zombie (D:5)
  A hound zombie (D:10)
  A hound skeleton (D:8)
  8 mummies (Ossuary)
  A howler monkey zombie (D:11)
  14 adders
  22 gnolls
  A howler monkey skeleton (D:6)
  6 river rats
  4 shadow imps
  A white imp (Lair:6)
  An adder zombie (D:9)
  6 worms
  A dart slug (D:3)
  4 leopard geckos
  85 orcs
  4 bats
  5 giant cockroaches
  2 gnoll zombies (Ossuary)
  7 goblins
  22 hobgoblins
  5 jackals
  6 quokkas
  2 ball pythons
  10 frilled lizards
  3 hobgoblin zombies (Ossuary)
  A jackal zombie (D:5)
  18 kobolds
  2 kobold zombies (Ossuary)
  A leopard gecko zombie (D:7)
  An orc zombie (Ossuary)
  A quokka skeleton (D:8)
  19 rats
  2 fungi
  3 plants
1201 creatures vanquished.

Vanquished Creatures (others)
  2 deep elf master archers (Lair:6)
  2 deep elf knights (Slime:1)
  An unseen horror (D:15)
  A deep elf archer (Lair:6)
  A slime creature (Lair:6)
  A merfolk (Lair:6)
  A porcupine (Lair:3)
  2 boggarts (D:15)
  2 orc priests (Slime:1)
  An orc (Orc:2)
  9 fungi
  7 plants
30 creatures vanquished.

Grand Total: 1231 creatures vanquished

Notes
Turn   | Place    | Note
-------+----------+-------------------------------------------
     0 | D:1      | Perturabo the Gargoyle Fighter began the quest for the Orb.
     0 | D:1      | Reached XP level 1. HP: 14/14 MP: 1/1
   188 | D:1      | Reached XP level 2. HP: 17/19 MP: 2/2
   516 | D:1      | Reached XP level 3. HP: 23/23 MP: 3/3
  1716 | D:3      | Reached skill level 4 in Shields
  1716 | D:3      | Reached XP level 4. HP: 25/28 MP: 2/4
  1845 | D:3      | Found a faded altar of an unknown god.
  2105 | D:3      | Reached XP level 5. HP: 31/33 MP: 5/5
  2408 | D:4      | Noticed Natasha
  2424 | D:4      | Killed Natasha
  2440 | D:4      | Found a runed translucent door.
  2440 | D:4      | Noticed Crazy Yiuf
  2448 | D:4      | Killed Crazy Yiuf
  2460 | D:4      | Noticed Eustachio
  2534 | D:4      | Killed Eustachio
  2534 | D:4      | Reached skill level 5 in Shields
  2534 | D:4      | Reached XP level 6. HP: 25/38 MP: 3/6
  2672 | D:4      | Noticed Natasha
  2825 | D:4      | Found a sand-covered staircase.
  2831 | Ossuary  | Entered an ossuary
  2882 | Ossuary  | Reached XP level 7. HP: 6/43 MP: 3/7
  3708 | D:4      | Killed Natasha
  3872 | D:4      | Noticed Natasha
  3882 | D:4      | Killed Natasha
  3882 | D:4      | Reached skill level 5 in Maces & Flails
  4074 | D:5      | Entered Level 5 of the Dungeon
  4112 | D:5      | Reached skill level 6 in Shields
  4305 | D:5      | Reached XP level 8. HP: 46/48 MP: 6/8
  4314 | D:5      | Reached skill level 5 in Armour
  4362 | D:5      | Reached skill level 7 in Shields
  4542 | D:5      | Found a staircase to the Ecumenical Temple.
  4550 | Temple   | Entered the Ecumenical Temple
  5232 | D:6      | Reached skill level 5 in Fighting
  5392 | D:6      | Found a glowing drain.
  5402 | Sewer    | Entered a sewer
  5532 | Sewer    | Found a white marble altar of Elyvilon.
  5880 | D:6      | Reached XP level 9. HP: 48/54 MP: 7/9
  5901 | D:6      | Found an ancient bone altar of Kikubaaqudgha.
  5906 | D:6      | Paralysed by a crimson imp for 6 turns
  5913 | D:6      | Paralysed by a crimson imp for 6 turns
  5991 | D:6      | Found Xidynt's Distillery.
  5999 | D:6      | Bought a potion of mutation for 112 gold pieces
  5999 | D:6      | Bought a potion of mutation for 112 gold pieces
  6023 | D:6      | Reached skill level 1 in Dodging
  6073 | D:6      | Found a runed translucent door.
  6073 | D:6      | Noticed UrsusMedved's ghost (novice VSFi)
  6163 | D:6      | Killed UrsusMedved's ghost
  6217 | D:6      | Reached skill level 1 in Throwing
  6272 | D:6      | Noticed Pikel
  6298 | D:6      | Killed Pikel
  6298 | D:6      | Reached skill level 8 in Shields
  6957 | D:7      | Noticed a hornet
  6972 | D:7      | Killed a hornet
  7110 | D:7      | Reached XP level 10. HP: 60/60 MP: 10/10
  7318 | D:7      | Reached skill level 9 in Shields
  8341 | D:8      | Found a hazy altar of Hepliaklqana.
  8442 | D:8      | Reached skill level 10 in Maces & Flails
  8675 | D:8      | Found Mustre's Distillery.
  8678 | D:8      | Bought a potion of heal wounds for 70 gold pieces
  8787 | Temple   | Became a worshipper of Warmaster Okawaru
  9045 | D:9      | Found a glowing golden altar of the Shining One.
  9089 | D:9      | Reached skill level 10 in Shields
  9411 | D:9      | Reached * piety under Okawaru
  9561 | D:9      | Found a shadowy altar of Dithmenos.
  9595 | D:9      | Reached XP level 11. HP: 65/67 MP: 11/11
  9637 | D:9      | Found a glowing silver altar of Zin.
  9735 | D:9      | Found a basalt altar of Yredelemnul.
  9988 | D:10     | Entered Level 10 of the Dungeon
 10000 | D:10     | Found a staircase to the Orcish Mines.
 10046 | D:10     | Reached ** piety under Okawaru
 10067 | D:10     | Found a portal to a secret trove of treasure.
 10092 | D:10     | Found a flagged portal.
 10201 | Bailey   | Entered a bailey
 10364 | Bailey   | Noticed an orc knight
 10405 | Bailey   | Killed an orc knight
 10405 | Bailey   | Reached skill level 11 in Shields
 10533 | Bailey   | Gained mutation: You are partially covered in iridescent
                  | scales. (AC +2) [potion of mutation]
 10533 | Bailey   | Gained mutation: You can translocate small distances at
                  | will. [potion of mutation]
 10534 | Bailey   | Lost mutation: You can translocate small distances at will.
                  | [potion of mutation]
 10534 | Bailey   | Lost mutation: You are partially covered in iridescent
                  | scales. (AC +2) [potion of mutation]
 10534 | Bailey   | Gained mutation: You have sharp toenails. [potion of
                  | mutation]
 10534 | Bailey   | Gained mutation: You are partially covered in thin metallic
                  | scales. (AC +2) [potion of mutation]
 10535 | Bailey   | Lost mutation: You have sharp toenails. [potion of
                  | mutation]
 10535 | Bailey   | Lost mutation: You are partially covered in thin metallic
                  | scales. (AC +2) [potion of mutation]
 10535 | Bailey   | Gained mutation: You have an increased reservoir of magic.
                  | (+10% MP) [potion of mutation]
 10535 | Bailey   | Gained mutation: Your flesh is cold resistant. (rC+)
                  | [potion of mutation]
 10535 | Bailey   | Gained mutation: You have sharp toenails. [potion of
                  | mutation]
 10536 | Bailey   | Lost mutation: You have sharp toenails. [potion of
                  | mutation]
 10536 | Bailey   | Gained mutation: You are robust. (+10% HP) [potion of
                  | mutation]
 10538 | Bailey   | Lost mutation: Your flesh is cold resistant. (rC+) [potion
                  | of mutation]
 10538 | Bailey   | Lost mutation: You have an increased reservoir of magic.
                  | (+10% MP) [potion of mutation]
 10538 | Bailey   | Gained mutation: You tend to lose your temper in combat.
                  | [potion of mutation]
 10538 | Bailey   | Gained mutation: You have sharp fingernails. [potion of
                  | mutation]
 10539 | Bailey   | Lost mutation: You are robust. (+10% HP) [potion of
                  | mutation]
 10539 | Bailey   | Lost mutation: You tend to lose your temper in combat.
                  | [potion of mutation]
 10539 | Bailey   | Gained mutation: You are somewhat resistant to further
                  | mutation. [potion of mutation]
 10540 | Bailey   | Lost mutation: You are somewhat resistant to further
                  | mutation. [potion of mutation]
 10540 | Bailey   | Lost mutation: You have sharp fingernails. [potion of
                  | mutation]
 10540 | Bailey   | Gained mutation: You are agile. (Dex +2) [potion of
                  | mutation]
 10540 | Bailey   | Gained mutation: Your flesh is cold resistant. (rC+)
                  | [potion of mutation]
 10662 | D:10     | Reached *** piety under Okawaru
 11106 | D:10     | Found a corrupted altar of Lugonu.
 11115 | D:10     | Noticed a sixfirhy
 11123 | D:10     | Reached **** piety under Okawaru
 11653 | D:11     | Noticed a death yak
 11654 | D:11     | Noticed a death yak
 11655 | D:11     | Found a staircase to the Lair.
 11655 | D:11     | Noticed a death yak
 11686 | D:11     | Killed a death yak
 11691 | D:11     | Killed a death yak
 11708 | D:11     | HP: 1/68 [death yak (6)]
 11710 | D:11     | Killed a death yak
 11710 | D:11     | Reached ***** piety under Okawaru
 11710 | D:11     | Reached skill level 12 in Shields
 11710 | D:11     | Reached XP level 12. HP: 1/73 MP: 2/12
 11734 | D:11     | Noticed Nergalle
 12058 | D:11     | Killed Nergalle
 12296 | D:11     | Noticed Grum
 12312 | D:11     | Killed Grum
 12755 | D:12     | Noticed a two-headed ogre
 12772 | D:12     | Killed a two-headed ogre
 12882 | D:12     | Noticed a two-headed ogre
 12897 | D:12     | Killed a two-headed ogre
 12897 | D:12     | Received a gift from Okawaru
 13250 | D:12     | Noticed a two-headed ogre
 13258 | D:12     | Killed a two-headed ogre
 13258 | D:12     | Reached skill level 13 in Shields
 13368 | D:12     | Reached ****** piety under Okawaru
 13922 | D:13     | Noticed a centaur warrior
 13932 | D:13     | Killed a centaur warrior
 13949 | D:13     | Reached XP level 13. HP: 43/80 MP: 6/13
 13956 | D:13     | Received a gift from Okawaru
 14130 | D:13     | Noticed Snorg
 14151 | D:13     | Killed Snorg
 14268 | D:13     | Received a gift from Okawaru
 14292 | D:13     | Got a jewelled hat {god gift}
 14463 | D:13     | Noticed an ironheart preserver
 14868 | D:13     | Reached skill level 14 in Shields
 14881 | D:13     | Found a gate to the Vaults.
 15122 | D:13     | Got a scorched scale mail
 15246 | D:13     | Killed an ironheart preserver
 15246 | D:13     | Reached skill level 10 in Fighting
 15510 | D:13     | Identified the +1 hat "Ynacom" {Str+5} (Okawaru gifted it
                  | to you on level 13 of the Dungeon)
 15520 | D:13     | Identified the +2 scale mail of Sunlight {+Fly Int+3} (You
                  | found it on level 13 of the Dungeon)
 15534 | D:13     | Identified 2 scrolls of acquirement
 15534 | D:13     | Identified the ring of the Oligarchy {Wiz Dex+2} (You
                  | acquired it on level 13 of the Dungeon)
 15536 | D:13     | Identified the amulet "Ented" {+Rage Slay+2} (You acquired
                  | it on level 13 of the Dungeon)
 16524 | D:14     | Gained mutation: Your large and strong wings let you fly
                  | indefinitely. [Gargoyle growth]
 16524 | D:14     | Reached XP level 14. HP: 51/88 MP: 4/14
 16589 | D:14     | Found a transporter.
 16594 | D:14     | Found a transporter.
 16596 | D:14     | Found a corrupted altar of Lugonu.
 16596 | D:14     | Noticed a white very ugly thing
 17042 | D:14     | Reached skill level 10 in Armour
 17042 | D:14     | Reached skill level 15 in Shields
 17083 | D:14     | Killed a white very ugly thing
 17083 | D:14     | Received a gift from Okawaru
 17157 | D:14     | Got a wavering copper ring
 17158 | D:14     | Identified the ring of Okawaru's Hope {*Drain rN+ MR+
                  | Dex+4} (You found it on level 14 of the Dungeon)
 17210 | D:15     | Entered Level 15 of the Dungeon
 17211 | D:15     | Noticed Jorgrun
 17242 | D:15     | Killed Jorgrun
 17392 | D:15     | Received a gift from Okawaru
 17611 | D:15     | Received a gift from Okawaru
 17838 | D:15     | Reached skill level 16 in Shields
 17992 | D:15     | HP: 4/90 [enormous slime creature (37)]
 18394 | D:15     | HP: 3/91 [ice dragon/blast of cold (23)]
 18791 | D:15     | Found a staircase to the Depths.
 19279 | Lair:1   | Entered Level 1 of the Lair of Beasts
 19336 | Lair:1   | Noticed Erica
 19365 | Lair:1   | Killed Erica
 19402 | Lair:1   | Reached XP level 15. HP: 86/96 MP: 5/15
 19553 | Lair:1   | Received a gift from Okawaru
 21001 | Lair:3   | Received a gift from Okawaru
 21154 | Lair:3   | Got an ebony whip
 21228 | Lair:3   | Noticed Anaz's ghost (journeyman DgAE)
 21355 | Lair:3   | Identified the +1 whip "Arbiter" {freeze, rPois rN+ Int+4}
                  | (You found it on level 3 of the Lair of Beasts)
 21406 | Lair:3   | Found a runed translucent gate.
 21406 | Lair:3   | Found a runed translucent gate.
 21406 | Lair:3   | Found a runed translucent gate.
 21442 | Lair:3   | Killed Anaz's ghost
 21934 | Lair:3   | Identified the ring of Ereveomeh {Wiz +Blink} (You acquired
                  | it on level 3 of the Lair of Beasts)
 22166 | Lair:4   | Found a staircase to the Snake Pit.
 22189 | Lair:4   | Noticed Nessos
 22232 | Lair:4   | Killed Nessos
 22256 | Lair:4   | Reached skill level 17 in Shields
 22564 | Lair:4   | Reached skill level 15 in Maces & Flails
 22892 | Lair:4   | Found a staircase to the Shoals.
 24669 | Lair:6   | Entered Level 6 of the Lair of Beasts
 24732 | Lair:6   | Received a gift from Okawaru
 25137 | Lair:6   | Reached XP level 16. HP: 93/104 MP: 5/16
 25274 | Lair:6   | Reached skill level 18 in Shields
 25320 | Lair:6   | Noticed Josephine
 25341 | Lair:6   | Killed Josephine
 25472 | Lair:6   | Received a gift from Okawaru
 25483 | Lair:6   | Found a viscous altar of Jiyva.
 25483 | Lair:6   | Found a staircase to the Slime Pits.
 25724 | Lair:6   | Found a burning altar of Makhleb.
 26157 | Lair:6   | Got a crude emerald amulet
 26474 | Lair:6   | Found a gateway to Hell.
 26659 | Lair:6   | Identified the amulet of Celimarro {+Rage +Fly rF++ MR+
                  | Int-5} (You found it on level 6 of the Lair of Beasts)
 26786 | Snake:1  | Entered Level 1 of the Snake Pit
 26786 | Snake:1  | Found Vomat's Jewellery Boutique.
 26817 | Snake:1  | Found Loeneutz's Gadget Boutique.
 26818 | Snake:1  | Got a crude steel ring
 26842 | Snake:1  | Found Zoer's Assorted Antiques.
 26842 | Snake:1  | Found Leshyff's Weapon Shoppe.
 27026 | Snake:1  | Found Keelaos's Magic Scroll Emporium.
 27036 | Snake:1  | Found Apaele's Antique Weapon Shop.
 27087 | Snake:1  | Bought a brightly glowing morningstar for 234 gold pieces
 27087 | Snake:1  | Identified the +7 morningstar "Uliebesh" {freeze, Str+5
                  | Int+3 Dex-3} (You bought it in a shop on level 1 of the
                  | Snake Pit)
 27102 | Snake:1  | Identified the ring "Tidghie" {Wiz Stlth+} (You found it on
                  | level 1 of the Snake Pit)
 27689 | Snake:2  | Received a gift from Okawaru
 27689 | Snake:2  | Reached skill level 19 in Shields
 27705 | Snake:2  | Reached skill level 15 in Fighting
 27761 | Snake:2  | Received a gift from Okawaru
 27847 | Snake:2  | Noticed a nagaraja
 27859 | Snake:2  | Killed a nagaraja
 27875 | Snake:2  | Reached XP level 17. HP: 78/113 MP: 3/17
 28277 | Snake:3  | Received a gift from Okawaru
 28734 | Snake:3  | Upgraded the game from 0.25-a0-668-gea548f19b6 to
                  | 0.25-a0-670-g50981ef59b
 29727 | Snake:4  | Entered Level 4 of the Snake Pit
 29835 | Snake:4  | Found Jycabre's Magic Scroll Shop.
 29862 | Snake:4  | Bought a scroll of enchant armour for 120 gold pieces
 29862 | Snake:4  | Bought a scroll of enchant weapon for 120 gold pieces
 30086 | Snake:4  | Received a gift from Okawaru
 30090 | Snake:4  | Got a blackened mace {god gift}
 30125 | Snake:4  | Reached skill level 20 in Shields
 30145 | Snake:4  | Identified the +5 mace of Okawaru's Displeasure {venom,
                  | Str+3} (Okawaru gifted it to you on level 4 of the Snake
                  | Pit)
 30280 | Snake:4  | Received a gift from Okawaru
 30323 | Snake:4  | Reached XP level 18. HP: 42/122 MP: 18/18
 31035 | Snake:4  | Received a gift from Okawaru
 31410 | Snake:4  | Got a serpentine rune of Zot
 31834 | Trove    | Entered a treasure trove
 32025 | D:9      | Fell from the grace of Okawaru
 32025 | D:9      | Became a worshipper of the Shining One
 32086 | Orc:1    | Entered Level 1 of the Orcish Mines
 32341 | Orc:1    | Found a roughly hewn altar of Beogh.
 32450 | Orc:2    | Entered Level 2 of the Orcish Mines
 32498 | Orc:2    | Found Tosaif Ocsy's Jewellery Shop.
 32508 | Orc:2    | Bought the brooch of Shielding {Reflect SH+8} for 1381 gold
                  | pieces
 32508 | Orc:2    | Found the brooch of Shielding {Reflect SH+8}
 32532 | Orc:2    | Reached skill level 21 in Shields
 32571 | Orc:2    | Noticed a deep elf master archer
 32573 | Orc:2    | Killed a deep elf master archer
 32581 | Orc:2    | Found a staircase to the Elven Halls.
 33212 | Orc:2    | Reached * piety under the Shining One
 33327 | Orc:2    | Found Parerph's Food Shoppe.
 33327 | Orc:2    | Found Alash's Armour Shop.
 33328 | Orc:2    | Found Joucaj's Book Boutique.
 33328 | Orc:2    | Found Tic Feukk's General Store.
 33656 | Lair:6   | Noticed a deep elf master archer
 33656 | Lair:6   | Noticed a titan
 33664 | Lair:6   | Killed a deep elf master archer
 33667 | Lair:6   | Killed a titan
 34014 | Slime:1  | Entered Level 1 of the Pits of Slime
 36833 | Slime:1  | Noticed a deep elf master archer
 36833 | Slime:1  | Noticed a titan
 36836 | Lair:6   | Killed a deep elf master archer
 37576 | Lair:6   | Killed a titan
 39609 | Slime:2  | Noticed Dissolution
 39609 | Slime:2  | Reached ** piety under the Shining One
 39629 | Slime:1  | Paralysed by a floating eye for 4 turns
 39636 | Slime:1  | HP: 5/125 [acid (7)]
 39636 | Slime:1  | The Shining One protects you from harm!
 39636 | Slime:1  | Splashed by Dissolution's acid

Levels and vault maps discovered:
D:1:      psy_arrival_wood_between_worlds, layout_loops_corners
D:2:      cheibrodos_greedy_goblins, layout_basic, first_ration,
          kennysheep_path_1
D:3:      layout_basic, chequers_ecumenical_altar_island
D:4:      layout_loops_ring, nicolae_ossuary_entry_monument,
          uniq_crazy_yiuf_cottage, uniq_natasha, uniq_eustachio
D:5:      layout_cave_pods, minmay_temple_entry_statues_fountains,
          nzn_random_ring
D:6:      layout_basic, kiku_gazebo_pond_becter, lightli_sewer_entry_pipes,
          serial_shops, nicolae_shop_competitors_out_of_business,
          gammafunk_ghost_grave, uniq_pikel
D:7:      kennysheep_six_static_rooms, layout_basic
D:8:      layout_rooms, old_standard_altar, serial_shops, shop
D:9:      layout_rooms, overflow_temple_1_default, kennysheep_little_box,
          kennysheep_mini, nicolae_dithmenos_shadow_blocks
D:10:     kennysheep_kobold_lugonu_temple, layout_cave_pods, orc_0_dummy,
          enter_bailey_2, enter_trove_1
D:11:     layout_stronghold, dpeg_lair_monsters, uniq_grum, uniq_nergalle
D:12:     layout_irregular_city
D:13:     layout_basic, skrybe_vaults_entry_preservation, hangedman_fish_farm,
          minivault_27, uniq_snorg
D:14:     gammafunk_corrupted_shrine, layout_long_grid
D:15:     grunt_enter_depths_hoard, layout_irregular_city, minmay_fountain_box,
          minmay_statues_item, uniq_jorgrun
Temple:   compressed_dpeg_circular_temple
Lair:1:   wad_woods_settlement, layout_hall_layers, uniq_erica
Lair:2:   layout_long_grid
Lair:3:   layout_layer_cave, maelrawn_ghost_gauntlet_escape
Lair:4:   layout_cave_shapes, elwin_shoals_entry_stream,
          minmay_snake_entry_guardpost_small, minivault_25, minmay_holes,
          infiniplex_staircase_pool, minmay_lair_oklob_chamber, uniq_nessos
Lair:5:   layout_long_grid, grunt_megastairs_5
Lair:6:   evil_forest, layout_hall_layers, slime_altar_1, ice2_lemuel,
          lemuel_fruit_tree, uniq_josephine
Snake:1:  layout_cave_shapes, serial_shops, shop, nicolae_shop_trees,
          shop_statue, shop_statue, minmay_shoptagon
Snake:2:  layout_onion
Snake:3:  layout_chambers
Snake:4:  grunt_snake_rune_serpentine_throne, layout_cave_town, serial_shops,
          shop
Slime:1:  layout_caves
Slime:2:  layout_caves, basic_altar, dissolution_awaits
Orc:1:    layout_caves, basic_altar
Orc:2:    st_orc_ogre_mass, layout_caves, serial_shops, shop

Skill      XL: |  1  2  3  4  5  6  7  8  9 10 11 12 13 14 15 16 17 18 |
---------------+-------------------------------------------------------+-----
Maces & Flails | 3 4 5 7 9 10 11 13 14 15 16 17 | 17.2
Shields        | 4 5 6 7 8 10 12 13 14 16 17 19 20 21 | 21.5
Armour         | 4 5 6 7 8 9 10 11 12 13 | 13.3
Fighting       | 4 5 6 7 8 9 10 11 13 15 16 18 | 18.0
Dodging        | 1 2 3 |  3.7
Throwing       | 1 2 |  2.0
Unarmed Combat | |  0.6
Evocations     | |  0.2

Action                   |  1- 3 |  4- 6 |  7- 9 | 10-12 | 13-15 | 16-18 || total
-------------------------+-------+-------+-------+-------+-------+-------++-------
Melee: Flail             |   150 |   293 |   772 |  1158 |   303 |       ||  2676
       Whip              |       |       |    99 |       |       |       ||    99
       Unarmed           |       |       |       |     6 |       |       ||     6
       Demon whip        |       |       |       |       |  1475 |   435 ||  1910
       Morningstar       |       |       |       |       |       |  1332 ||  1332
Throw: Boomerang         |       |     5 |     6 |     2 |     4 |       ||    17
       Javelin           |       |       |       |       |     7 |    13 ||    20
 Abil: Fly               |       |       |       |       |       |     2 ||     2
       Stop Flying       |       |       |       |       |       |     2 ||     2
Evoke: Wand              |       |       |     2 |       |       |       ||     2
  Use: Scroll            |       |     6 |     8 |     8 |    20 |    17 ||    59
       Potion            |       |     4 |     3 |    13 |    13 |     6 ||    39
 Stab: Petrified         |       |       |       |       |    11 |       ||    11
  Eat: Chunk             |     3 |     3 |    10 |    23 |    24 |    10 ||    73
       Ration            |       |       |     2 |     1 |     4 |    11 ||    18
Armor: Scale mail        |    69 |       |       |       |       |       ||    69
       Plate armour      |     3 |   413 |   533 |   790 |   588 |   695 ||  3022
Dodge: Dodged            |    45 |   100 |   145 |   297 |   190 |   299 ||  1076
Block: Kite shield       |    72 |   241 |   427 |   655 |       |       ||  1395
       Tower shield      |       |       |       |   370 |  1391 |  2318 ||  4079
       Reflection        |       |       |       |       |       |   124 ||   124

Table legend:
 A = Non-vault XP
 B = Vault XP
 C = Vault XP percentage of total XP
 D = Non-vault monster count
 E = Vault monster count
 F = Vault count percentage of total count
                 A         B        C        D         E       F
            +---------+---------+-------+---------+---------+-------
      Total |  197608 |  115600 |  36.9 |     824 |     320 |  28.0
            +---------+---------+-------+---------+---------+-------
        D:1 |      43 |       0 |   0.0 |      30 |       0 |   0.0
        D:2 |      14 |       0 |   0.0 |       7 |       0 |   0.0
        D:3 |     117 |       0 |   0.0 |      29 |       0 |   0.0
        D:4 |     258 |     273 |  51.4 |      15 |       3 |  16.7
        D:5 |     616 |     420 |  40.5 |      12 |      13 |  52.0
        D:6 |     745 |    1159 |  60.9 |      29 |      16 |  35.6
        D:7 |    1939 |     155 |   7.4 |      29 |       2 |   6.5
        D:8 |    1547 |       0 |   0.0 |      32 |       0 |   0.0
        D:9 |    2689 |       0 |   0.0 |      35 |       0 |   0.0
       D:10 |    3920 |    1130 |  22.4 |      37 |       3 |   7.5
       D:11 |    2084 |    3993 |  65.7 |      21 |      11 |  34.4
       D:12 |    7445 |       0 |   0.0 |      36 |       0 |   0.0
       D:13 |    9104 |    5739 |  38.7 |      45 |      11 |  19.6
       D:14 |   12611 |    7834 |  38.3 |      43 |      12 |  21.8
       D:15 |   14317 |    4963 |  25.7 |      42 |       3 |   6.7
     Lair:1 |    3888 |    2579 |  39.9 |      19 |       7 |  26.9
     Lair:2 |    2026 |       0 |   0.0 |      11 |       0 |   0.0
     Lair:3 |    2530 |    3637 |  59.0 |       8 |       4 |  33.3
     Lair:4 |   11385 |    4844 |  29.8 |      40 |      14 |  25.9
     Lair:5 |    6499 |     732 |  10.1 |      27 |       3 |  10.0
     Lair:6 |   22074 |   15104 |  40.6 |      57 |      44 |  43.6
    Snake:1 |   14670 |       0 |   0.0 |      30 |       0 |   0.0
    Snake:2 |   26205 |       0 |   0.0 |      46 |       0 |   0.0
    Snake:3 |   22681 |       0 |   0.0 |      42 |       0 |   0.0
    Snake:4 |   10685 |   41681 |  79.6 |      23 |      68 |  74.7
    Slime:1 |   11879 |       0 |   0.0 |      21 |       0 |   0.0
      Orc:1 |    2504 |       0 |   0.0 |      28 |       0 |   0.0
      Orc:2 |    3133 |   20241 |  86.6 |      30 |      46 |  60.5
      Sewer |       0 |     122 | 100.0 |       0 |      10 | 100.0
    Ossuary |       0 |     155 | 100.0 |       0 |      16 | 100.0
     Bailey |       0 |     839 | 100.0 |       0 |      34 | 100.0
            +---------+---------+-------+---------+---------+-------
